 Dungeon Crawl Stone Soup version 0.22-b1-59-g0aedee7 (webtiles) character file.

2224 MTVSty1e the Fighter (level 9, -8/83 HPs)
             Began as a Yellow Draconian Fire Elementalist on Aug 9, 2018.
             Was a Follower of Cheibriados.
             Killed from afar by Harold (17 damage)
             ... with a harpoon shot
             ... on level 7 of the Dungeon.
             The game lasted 00:20:37 (10365 turns).

MTVSty1e the Fighter (DrFE)                        Turns: 10365, Time: 00:20:38

Health: -8/83      AC: 12    Str: 13    XL:     9   Next: 13%
Magic:  16/16      EV:  6    Int: 21    God:    Cheibriados [*.....]
Gold:   336        SH:  0    Dex: 13    Spells: 11/17 levels left

rFire    . . .     SeeInvis .   d - +0 dagger (protect)
rCold    . . .     Gourm    .   (no shield)
rNeg     . . .     Faith    .   (armour unavailable)
rPois    .         Spirit   .   (helmet restricted)
rElec    .         Reflect  .   (no cloak)
rCorr    +         Harm     .   b - +2 pair of gloves
MR       .....                  v - +1 pair of boots
Stlth    ++........             (no amulet)
HPRegen  0.23/turn              (no ring)
MPRegen  0.15/turn              (no ring)

@: very slightly contaminated, held, very slow
A: spit acid, acid resistance, unfitting armour, cold-blooded, AC +7
a: Breathe Acid, Bend Time, Renounce Religion


You were on level 7 of the Dungeon.
You worshipped Cheibriados.
Cheibriados was aware of your devotion.
You were not hungry.

You visited 2 branches of the dungeon, and saw 9 of its levels.

You collected 336 gold pieces.

Inventory:

Hand Weapons
 d - a +0 dagger of protection (weapon)
 g - a +0 falchion of slicing
Armour
 b - a +2 pair of gloves (worn)
 v - a +1 pair of boots (worn)
Wands
 k - a wand of flame (27)
 t - a wand of enslavement (12)
Scrolls
 a - a scroll of remove curse
 c - 17 scrolls of identify {unknown}
 r - a scroll of random uselessness
 u - a scroll of noise {unknown}
 x - a scroll of amnesia {unknown}
Potions
 i - a potion of magic
 j - a potion of agility
 l - a potion of curing
 n - a potion of mutation {unknown}
 p - a potion of invisibility
 q - 2 potions of ambrosia
 s - 4 potions of flight {unknown}
 w - a potion of brilliance {unknown}
Comestibles
 o - 4 rations


   Skills:
 * Level 9.2 Fighting
 - Level 1.7 Dodging
 - Level 1.7 Stealth
 + Level 4.7 Spellcasting
 + Level 4.0 Conjurations
 * Level 6.7 Fire Magic


You had 11 spell levels left.
You knew the following spells:

 Your Spells              Type           Power        Failure   Level  Hunger
a - Flame Tongue          Conj/Fire      ####.        1%          1    None
b - Fireball              Conj/Fire      ####......   34%         5    ######.

Your spell library contained the following spells:

 Spells                   Type           Power        Failure   Level  Hunger
 Conjure Flame            Conj/Fire      ####....     3%          3    ##.....
 Throw Flame              Conj/Fire      ####..       1%          2    #......
 Sticky Flame             Conj/Fire      ####....     12%         4    ####...
 Inner Flame              Hex/Fire       ###.....     9%          3    ##.....


Dungeon Overview and Level Annotations

Branches:
Dungeon (8/15)             Temple (1/1) D:6
   Lair: D:8-11

Altars:
Ashenzari
Cheibriados
Dithmenos
Elyvilon
Fedhas
Gozag
Hepliaklqana
Kikubaaqudgha
Nemelex Xobeh
Okawaru
Qazlal
Ru
Sif Muna
Trog
Uskayaw
Vehumet
Wu Jian
Xom
Yredelemnul
Zin

Annotations:
D:6 3 runed doors, Aviak's ghost, novice MiFi; Goblin1989's ghost, novice DsCK; biddum's ghost, novice FoFi; nicolaieve's ghost, novice MiBe
D:7 Harold


Innate Abilities, Weirdness & Mutations

You can spit globs of acid.
You are resistant to acid.
Your golden yellow scales are hard. (AC +7)
You cannot fit into any form of body armour.
You are cold-blooded and may be slowed by cold attacks.


Message History

You are very lightly contaminated with residual magic.
As you read the scroll labeled GOTHRU CAFENUATZ, it crumbles to dust.
It was a scroll of blinking.
Harold throws a throwing net.
The throwing net hits you.
You become entangled in the net!
You see here a throwing net.
You struggle against the net.
The centaur shoots an arrow.
The arrow hits you but does no damage.
Unknown command.
You struggle against the net.
The centaur shoots an arrow.
The arrow hits you.
* * * LOW HITPOINT WARNING * * *
Harold gestures at you while chanting. The harpoon shot hits you!
Unknown command.
As you read the scroll labeled XUIRUIMI TETRU, it crumbles to dust.
You smell burning hair.
It was a scroll of random uselessness.
The centaur shoots an arrow.
The arrow hits you but does no damage. Harold casts a spell at you.
The harpoon shot hits you!
You die...

##........##.....##....###
#....#######......+.......
#....##...##......#.......
##...##...##...).##.......
#####....##.....##.......
#....##..............
##...##.....###+##.##
#...........##..##.#
#...@............+..
#................#..[
######...##.....##..## .#
##..#.....##.....# ###
#...'.....#.........
#...#..5c@#...........
#...#....Y##.....#####
######....########
#...###'### ...


You could see Harold, a sky beast, a centaur and a shadow imp.

Vanquished Creatures
  Grinder (D:4)
  Sigmund (D:5)
  Eustachio (D:4)
  Duvessa (D:7)
  An orc warrior (D:7)
  A sky beast (D:6)
  An ice beast (D:5)
  3 centaurs
  An ogre (D:5)
  A bullfrog (D:6)
  Dowan (D:7)
  A scorpion (D:5)
  2 howler monkeys (D:4)
  A bullfrog zombie (D:6)
  2 crimson imps
  2 orc priests (D:4)
  A centaur skeleton (D:4)
  3 hounds (D:4)
  3 iguanas
  Terence (D:2)
  5 orc wizards
  A worker ant (D:4)
  A hound zombie (D:6)
  3 hound skeletons
  A gnoll (D:1)
  12 adders
  A shadow imp (D:4)
  3 worms
  3 dart slugs
  3 leopard geckos
  22 orcs
  2 giant cockroaches
  7 hobgoblins
  3 jackals
  6 kobolds
  2 quokkas
  4 ball pythons
  8 bats
  3 frilled lizards
  8 goblins
  A leopard gecko zombie (D:6)
  2 quokka skeletons
  A rat (D:3)
131 creatures vanquished.

Vanquished Creatures (others)
  An orc (D:4)
  A jackal (D:7)
  2 withered plants (D:6)
4 creatures vanquished.

Grand Total: 135 creatures vanquished

Notes
Turn   | Place    | Note
-------+----------+-------------------------------------------
     0 | D:1      | MTVSty1e the Draconian Fire Elementalist began the quest for the Orb.
     0 | D:1      | Reached XP level 1. HP: 14/14 MP: 3/3
   335 | D:1      | Reached skill level 2 in Fighting
   335 | D:1      | Reached XP level 2. HP: 15/24 MP: 0/5
  1213 | D:2      | Reached skill level 3 in Fighting
  1213 | D:2      | Reached XP level 3. HP: 31/31 MP: 2/6
  1701 | D:2      | Noticed Terence
  1723 | D:2      | Killed Terence
  1723 | D:2      | Reached skill level 4 in Fighting
  1723 | D:2      | Reached XP level 4. HP: 23/41 MP: 0/7
  2301 | D:2      | Reached XP level 5. HP: 25/47 MP: 0/8
  2690 | D:3      | Reached skill level 5 in Fighting
  2945 | D:3      | Learned a level 5 spell: Fireball
  3687 | D:3      | Found a shadowy altar of Dithmenos.
  4034 | D:4      | Reached XP level 6. HP: 48/56 MP: 1/9
  4704 | D:4      | Reached skill level 6 in Fighting
  4736 | D:4      | Noticed Eustachio
  5429 | D:5      | Entered Level 5 of the Dungeon
  5650 | D:5      | Noticed an ice beast
  5712 | D:4      | Your scales start taking on a golden yellow colour.
  5712 | D:4      | Reached XP level 7. HP: 55/64 MP: 7/11
  5855 | D:4      | Found a shimmering altar of Xom.
  5954 | D:4      | Noticed Grinder
  5989 | D:4      | Paralysed by Grinder for 4 turns
  5995 | D:4      | Killed Grinder
  5995 | D:4      | Reached skill level 7 in Fighting
  6164 | D:4      | Reached skill level 5 in Fire Magic
  6481 | D:4      | Killed Eustachio
  6790 | D:5      | Reached XP level 8. HP: 64/73 MP: 13/13
  6833 | D:5      | Found a stormy altar of Qazlal.
  7089 | D:5      | Reached skill level 8 in Fighting
  7195 | D:5      | Noticed Sigmund
  7225 | D:5      | Killed Sigmund
  7403 | D:5      | Noticed a hand axe
  7403 | D:5      | Noticed a dagger
  7405 | D:5      | Found a hide-covered altar of Uskayaw.
  7896 | D:6      | Found a glowing silver altar of Zin.
  7914 | D:6      | Found a runed gate.
  7914 | D:6      | Found a runed gate.
  7914 | D:6      | Found a runed gate.
  7918 | D:6      | Noticed biddum's ghost (novice FoFi)
  7918 | D:6      | Noticed Aviak's ghost (novice MiFi)
  7918 | D:6      | Noticed Goblin1989's ghost (novice DsCK)
  7918 | D:6      | Noticed nicolaieve's ghost (novice MiBe)
  7989 | D:6      | Found a sacrificial altar of Ru.
  8097 | D:6      | Found a staircase to the Ecumenical Temple.
  8114 | Temple   | Entered the Ecumenical Temple
  8194 | Temple   | Became a worshipper of Cheibriados the Contemplative
  9207 | D:7      | Noticed Duvessa
  9208 | D:7      | Noticed Dowan
  9571 | D:7      | Killed Duvessa
  9571 | D:7      | Reached skill level 9 in Fighting
  9571 | D:7      | Reached XP level 9. HP: 59/83 MP: 7/15
  9592 | D:7      | Killed Dowan
  9592 | D:7      | Reached * piety under Cheibriados
  9930 | D:7      | HP: 3/83 [orc warrior/hand axe (6)]
  9946 | D:7      | HP: 4/83 [orc warrior/hand axe (12)]
  9964 | D:7      | HP: 3/83 [orc wizard/dagger (3)]
 10349 | D:7      | Noticed Harold
 10365 | D:7      | Killed from afar by Harold

Skill      XL: |  1  2  3  4  5  6  7  8  9 |
---------------+----------------------------+-----
Fighting       | 2 3 4 5 6 7 9 |  9.2
Fire Magic     | 4 5 6 |  6.7
Conjurations   | 2 3 4 |  4.0
Spellcasting   | 3 4 |  4.7
Dodging        | |  1.7
Stealth        | |  1.7

Action                   |  1- 3 |  4- 6 |  7- 9 || total
-------------------------+-------+-------+-------++-------
Melee: Dagger            |   103 |   499 |    49 ||   651
       Tailslap          |     9 |    43 |    42 ||    94
       Unarmed           |     1 |       |       ||     1
       Short sword       |       |    70 |    54 ||   124
       Falchion          |       |       |   196 ||   196
 Cast: Flame Tongue      |    24 |    61 |    74 ||   159
       Fireball          |       |     1 |     1 ||     2
 Abil: Breathe Acid      |       |       |     7 ||     7
  Use: Scroll            |       |     6 |     3 ||     9
       Potion            |       |     1 |     5 ||     6
 Stab: Sleeping          |       |     1 |     1 ||     2
       Distracted        |       |       |     1 ||     1
  Eat: Ration            |     1 |     3 |     1 ||     5
       Chunk             |       |     4 |    15 ||    19
Armor: Skin              |    37 |   244 |   198 ||   479
Dodge: Dodged            |    94 |   397 |   271 ||   762
       Rpst.: Falchion   |       |       |    36 ||    36
